 Dungeon Crawl Stone Soup version 0.18-a0-1514-g6ed9364 (webtiles) character file.

91 GrosslyIncandescent the Insei (level 4, -2/35 HPs)
             Began as a Mummy Monk on Mar 6, 2016.
             Slain by a gnoll
             ... wielding a +0 halberd
              (13 damage)
             ... on level 2 of the Dungeon.
             The game lasted 00:04:19 (6979 turns).

GrosslyIncandescent the Insei (Mummy Monk)          Turns: 6979, Time: 00:04:19

Health: -2/35      AC:  0    Str: 14    XL:     4   Next: 33%
Magic:  13/13      EV: 12    Int:  9    God:
Gold:   41         SH:  7    Dex: 15    Spells: 0 memorised, 3 levels left

rFire  x . .     SeeInvis .       - Unarmed
rCold  + . .     Gourm    .     (no armour)
rNeg   + + +     Faith    .     l - +0 buckler
rPois  ∞         Spirit   .     (no helmet)
rElec  .         Dismiss  .     (no cloak)
rCorr  .         Reflect  +     (no gloves)
SustAt .         Harm     .     (no boots)
MR     .....                    h - +4 amulet of reflection
Stlth  ++........               j - ring of magical power
                                c - ring of flight

@: not resistant to hostile enchantments, unstealthy
A: no food or potions, fire vulnerability, cold resistance 1, negative energy
resistance 3, torment resistance, unbreathing
a: Evoke Flight


You were on level 2 of the Dungeon.
You were not hungry.

You visited 1 branch of the dungeon, and saw 2 of its levels.

You collected 41 gold pieces.


Innate Abilities, Weirdness & Mutations

You do not eat or drink.
Your flesh is vulnerable to fire.
You are immune to poison.
Your flesh is cold resistant.
You are immune to negative energy.
You are immune to unholy pain and torment.
You can survive without breathing.


   Skills:
 - Level 3.0 Fighting
 - Level 2.4 Dodging
 - Level 1.5 Stealth
 + Level 4.8 Unarmed Combat


You had 3 spell levels left.
You didn't know any spells.

Inventory:

Missiles
 i - a throwing net {=f}
Armour
 l - a +0 buckler (worn)
Jewellery
 c - a ring of flight (left hand)
 h - a +4 amulet of reflection (around neck)
 j - a ring of magical power (right hand)
Scrolls
 a - a scroll of identify {unknown}
 b - 2 scrolls of recharging (quivered) {unknown}
 d - a scroll of immolation {unknown}
 e - a scroll of teleportation {unknown}
 f - a scroll of amnesia {unknown}
 g - a scroll of enchant armour {unknown}
 k - a scroll of blinking {unknown}

Dungeon Overview and Level Annotations

Branches:
Dungeon (2/15)

Altars:

Annotations:
D:2 Natasha, Terence

▒▒...▒▒........▒.▒ ▒...........
▒.▒▒▒.▒..........▒▒▒▒▒..........)
▒.▒ ▒..........▒.................
▒.▒▒▒.▒▒............▒▒▒▒▒▒▒▒.▒...
▒▒...▒▒▒.......▒▒▒▒.▒ ▒.▒...
▒▒.▒▒ ▒▒▒▒▒▒▒▒▒ ▒.▒ ▒.▒..g ▒.▒
▒▒▒▒▒ ▒.▒ ▒.▒h..
▒.▒▒▒▒▒▒...▒▒▒▒▒▒.▒▒▒▒▒▒▒▒.)...
▒.▒▒.........hM.g........▒▒▒...
▒.▒▒....=>.▒▒▒▒▒▒▒.▒▒▒▒▒.▒ ▒...
▒.........▒▒ ▒.▒▒▒▒▒.▒▒▒▒▒▒
▒▒▒▒....▒.▒ ▒.▒▒.......g..
▒.▒▒▒▒.▒ ▒.▒▒.▒▒.▒..... ▒......▒
▒.▒▒.▒▒.▒.▒▒▒▒ ▒▒▒▒▒▒▒▒
▒.......▒.▒▒.. ▒▒▒▒†▒▒▒▒.▒▒.▒
▒▒.▒ ▒.▒▒.▒


You could see Natasha and a gnoll.


Message History

There is an open door here!
A centaur warrior comes into view!
What do you say? t - Shout!!!
Orders for allies: a - Attack new target! r - Retreat!!! s - Stop attacking! w - Wait here! f - Follow me!
Anything else - Stay silent!
You shout for attention!!!
The centaur warrior wields a longbow!
The centaur warrior shoots an arrow!
The arrow hits you!!!!!!
DANG * * * don't die
* * * The centaur warrior shoots an arrow!
The arrow hits you!!! * * * don't die
* * * A dart slug comes into view!
You see here an arrow!
There is an open door here!
You close the door!
There is a stone staircase leading down here!
You climb downwards!
Level annotation: Natasha, Terence
There is a stone staircase leading up here!
The gnoll shouts!!!
The gnoll shouts!!!
Natasha hisses angrily!
You closely miss Natasha! You block Natasha's attack!
You pulverise Natasha but do no damage!
The gnoll hits you from afar with a halberd!!! rip

Action                   |  1- 3 |  4- 6 || total
-------------------------+-------+-------++-------
Melee: Unarmed           |   128 |    71 ||   199
 Stab: Sleeping          |     3 |       ||     3

Vault maps used:
D:1:      dpeg_arrival_simpleton_c
D:2:      first_bread, minmay_misc_feat_doors, glass_columns_a, uniq_natasha,
          uniq_terence

Notes
Turn   | Place    | Note
--------------------------------------------------------------
     0 | D:1      | GrosslyIncandescent the Mummy Monk began the quest for the Orb.
     0 | D:1      | Reached XP level 1. HP: 18/18 MP: 1/1
   621 | D:1      | Reached XP level 2. HP: 22/24 MP: 2/2
  1160 | D:2      | Noticed Natasha
  1238 | D:2      | Reached skill level 4 in Unarmed Combat
  1434 | D:2      | Noticed Terence
  1487 | D:2      | Reached XP level 3. HP: 25/29 MP: 3/3
  2553 | D:2      | Reached XP level 4. HP: 16/35 MP: 4/4
  6934 | D:1      | Noticed a centaur warrior
  6979 | D:2      | Slain by a gnoll

Vanquished Creatures
  A gnoll (D:2)
  3 adders (D:2)
  2 dart slugs (D:2)
  3 giant geckos
  3 giant cockroaches (D:2)
  5 goblins
  4 hobgoblins
  2 quokkas (D:2)
  2 ball pythons
  8 bats
  2 giant newts (D:1)
  8 kobolds
  6 rats
49 creatures vanquished.
